[Event "Titled Tuesday Blitz August 1 Early 2023"]
[White "Movahed, Sina"]
[Black "Dushyant Sharma"]
[WhiteFideId "42520835"]
[BlackFideId "25065130"]
[WhiteElo "2938"]
[BlackElo "2489"]
[Result "1-0"]
[Round "1"]
[TimeControl "180+1"]
[Date "2023.08.01"]
[WhiteClock "0:00:40"]
[BlackClock "0:00:05"]
[Board "24"]

1. Nf3 d5 2. g3 e6 3. Bg2 Nf6 4. O-O Be7 5. c4 O-O 6. d4 dxc4 7. Na3 Bxa3 8. bxa3 c5 9. Bb2 Nd5 10. Rc1 c3 11. Bxc3 Nxc3 12. Rxc3 cxd4 13. Nxd4 Qf6 14. Rc7 Na6 15. Rc4 e5 16. Nb5 Be6 17. Rc3 Rad8 18. Qc2 Bf5 19. Qb3 Qb6 20. Nc7 Nc5 21. Qxb6 axb6 22. Nd5 Ne4 23. Ne7+ Kh8 24. Re3 Nd6 25. Nxf5 Nxf5 26. Rxe5 g6 27. g4 Nd4 28. e3 Ne6 29. Bxb7 Rd3 30. Rb1 Rb8 31. Bd5 Nd8 32. Rb3 Rd2 33. g5 Kg7 34. Kg2 f6 35. Re7+ Kf8 36. Rd7 fxg5 37. e4 Ke8 38. Rxh7 g4 39. Rg3 Rc2 40. Rxg4 Nc6 41. Bxc6+ 1-0


[Site "https://www.chess.com"]

[Event "Titled Tuesday Blitz August 1 Early 2023"]
[White "Liu, Casper"]
[Black "Jones, Gawain C B"]
[WhiteFideId "1454153"]
[BlackFideId "409561"]
[WhiteElo "2487"]
[BlackElo "2929"]
[Result "1-0"]
[Round "1"]
[TimeControl "180+1"]
[Date "2023.08.01"]
[WhiteClock "0:00:10"]
[BlackClock "0:00:02"]
[Board "25"]

1. e4 e5 2. d4 exd4 3. Qxd4 Nc6 4. Qe3 Nf6 5. Nc3 Bb4 6. Bd2 O-O 7. O-O-O Re8 8. Qf4 Bxc3 9. Bxc3 Nxe4 10. Bc4 Nxc3 11. Bxf7+ Kh8 12. Bxe8 Nxa2+ 13. Kb1 Qxe8 14. Nf3 d6 15. Rhe1 Be6 16. Ng5 Ne5 17. Qe4 Bg8 18. f4 Qb5 19. Re3 Nc4 20. Rb3 Qa5 21. Rh3 h6 22. Qg6 Nc3+ 23. Rxc3 Qb4 24. Rb3 Nd2+ 25. Rxd2 Qxd2 26. Nf7+ Bxf7 27. Qxf7 Qd1+ 28. Ka2 Qxc2 29. f5 Rg8 30. f6 gxf6 31. Qxf6+ Kh7 32. Re3 Qa4+ 33. Kb1 Qd1+ 34. Ka2 Rg7 35. Qf5+ Rg6 36. Re7+ Kh8 37. Qf8+ Rg8 38. Qxh6# 1-0


[Site "https://www.chess.com"]

[Event "Titled Tuesday Blitz August 1 Early 2023"]
[White "Gholami Orimi, Mahdi"]
[Black "Brunner, Nicolas"]
[WhiteFideId "12558486"]
[BlackFideId "620246"]
[WhiteElo "2915"]
[BlackElo "2487"]
[Result "1-0"]
[Round "1"]
[TimeControl "180+1"]
[Date "2023.08.01"]
[WhiteClock "0:00:13"]
[BlackClock "0:00:01"]
[Board "26"]

1. Nf3 c5 2. b3 Nc6 3. Bb2 d6 4. e3 e5 5. d4 cxd4 6. exd4 e4 7. Nfd2 d5 8. c4 Nf6 9. cxd5 Qxd5 10. Bc4 Qf5 11. O-O Bd6 12. Nc3 O-O 13. f3 e3 14. Nde4 Bf4 15. g3 Bh6 16. d5 Ne5 17. Be2 Rd8 18. Nxf6+ Qxf6 19. f4 Ng6 20. Qd3 Bh3 21. Rfd1 Re8 22. Na4 Qf5 23. Qxf5 Bxf5 24. d6 Rad8 25. Nc5 b6 26. Na6 Bd7 27. Nc7 Rf8 28. Rd3 Nxf4 29. gxf4 Bxf4 30. Rad1 Bf5 31. Rd5 Bd7 32. R1d4 Bh6 33. Rh5 Bc6 34. Nd5 Kh8 35. Ne7 Bd7 36. Rxh6 gxh6 37. Rf4+ f6 38. Rxf6 Kg7 39. Rg6+ Kf7 40. Rg7+ Ke6 41. Ba3 Ke5 42. Rg3 Ke4 43. Bc4 Rf2 44. Bb4 Kd4 45. Nd5 Be6 46. Bc3+ Kc5 47. Nxe3 Bxc4 48. Kxf2 Bb5 49. Be5 Re8 50. Bf4 Rf8 51. Rg4 Kc6 52. Kg3 h5 53. Rh4 Be2 54. Nc2 Rg8+ 55. Kf2 Bd3 56. Nd4+ Kd5 57. Ke3 Bg6 58. Bg3 Re8+ 59. Kd2 Be4 60. Nb5 Bf3 61. Nc7+ 1-0


[Site "https://www.chess.com"]

[Event "Titled Tuesday Blitz August 1 Early 2023"]
[White "Kaplan, Avi Harrison"]
[Black "Baskakov, Egor"]
[WhiteFideId "30934559"]
[BlackFideId "24197866"]
[WhiteElo "2487"]
[BlackElo "2911"]
[Result "0-1"]
[Round "1"]
[TimeControl "180+1"]
[Date "2023.08.01"]
[WhiteClock "0:00:07"]
[BlackClock "0:00:09"]
[Board "27"]

1. e4 c5 2. c4 Nc6 3. Nc3 g6 4. g3 Bg7 5. Bg2 e6 6. Nge2 Nge7 7. O-O O-O 8. d3 d6 9. Be3 Nd4 10. Qd2 e5 11. h3 Be6 12. Kh2 Qd7 13. a3 Nb3 14. Qc2 Nxa1 15. Rxa1 f5 16. b4 b6 17. exf5 Bxf5 18. Bxa8 Rxa8 19. Ne4 Bxh3 20. Rh1 Bg4 21. Kg2 Rf8 22. Ng1 Nf5 23. Ng5 Nxe3+ 24. fxe3 h6 25. Ne4 cxb4 26. axb4 d5 27. cxd5 Qxd5 28. Rh4 h5 29. Rh2 Kh8 30. Kh1 Rd8 31. Rd2 a5 32. bxa5 bxa5 33. Kh2 Qd7 34. Ng5 Qf5 35. N1h3 Qd7 36. e4 Bf6 37. Rf2 Qe7 38. Qc6 Kg7 39. Nf3 Rxd3 40. Nfg1 h4 41. gxh4 Bxh4 42. Rg2 Be6 43. Qa6 Ra3 44. Qb5 Qf6 45. Qb7+ Bf7 46. Qd7 Rc3 47. Qg4 Be1 48. Qe2 Bh4 49. Qg4 Be6 50. Qd1 Rc7 51. Qd6 Rf7 52. Qa6 Bxh3 53. Qxf6+ Bxf6 54. Kxh3 Ra7 55. Ra2 a4 56. Nf3 a3 57. Nd2 Be7 58. Nc4 Kf6 59. Kg4 Ra4 60. Ne3 Rxe4+ 61. Kf3 Ra4 62. Nd5+ Ke6 63. Nb6 Rf4+ 64. Ke3 Bc5+ 65. Kd3 Bxb6 66. Rc2 Bd4 67. Rd2 Kf5 68. Rc2 g5 69. Ke2 Ke4 70. Rc1 Rf2+ 71. Ke1 Ke3 72. Ra1 Bxa1 73. Kd1 Bb2 74. Ke1 g4 75. Kd1 g3 76. Ke1 g2 77. Kd1 Bd4 78. Ke1 Rf1# 0-1


[Site "https://www.chess.com"]

[Event "Titled Tuesday Blitz August 1 Early 2023"]
[White "Demidov, Mikhail"]
[Black "Kleiman, Jake"]
[WhiteFideId "4197143"]
[BlackFideId "2020041"]
[WhiteElo "2910"]
[BlackElo "2486"]
[Result "1-0"]
[Round "1"]
[TimeControl "180+1"]
[Date "2023.08.01"]
[WhiteClock "0:00:09"]
[BlackClock "0:00:03"]
[Board "28"]

1. Nf3 Nf6 2. g3 e6 3. Bg2 d5 4. O-O b5 5. d3 c5 6. c4 a6 7. cxd5 Nxd5 8. a4 Bb7 9. axb5 axb5 10. Rxa8 Bxa8 11. Na3 Nc7 12. Be3 Be7 13. Qc2 Nd7 14. Rc1 O-O 15. Bf4 Bc6 16. Qb3 Nd5 17. Bd2 Qb6 18. h4 h6 19. Qc2 Rc8 20. Nb1 Qb7 21. Nc3 Nb4 22. Qd1 Ne5 23. Ne1 Bxg2 24. Nxg2 Rd8 25. Bf4 Ng6 26. Qf1 Bf6 27. Be3 Bd4 28. Bxd4 cxd4 29. Ne4 Qb6 30. Qe1 Nd5 31. Qd1 Ra8 32. Qc2 Ne5 33. Qb3 Rb8 34. Nd2 Nc6 35. Ne1 Ncb4 36. Nef3 Ra8 37. Ne4 Rb8 38. Ne5 Ra8 39. Nd2 Qb7 40. Ndf3 Qb6 41. h5 f6 42. Ng6 e5 43. Ne7+ Kh7 44. Nxd5 Qe6 45. Rc5 Na6 46. Rxb5 Nc7 47. Rc5 Na6 48. Ra5 Rb8 49. Qa2 Nb4 50. Nxb4 Qg4 51. Kg2 Rxb4 52. Ra8 Qxh5 53. Qg8+ Kg6 54. Qe8+ 1-0


[Site "https://www.chess.com"]

[Event "Titled Tuesday Blitz August 1 Early 2023"]
[White "Papayan, Oleg"]
[Black "Perez Ponsa, Federico"]
[WhiteFideId "4193911"]
[BlackFideId "117927"]
[WhiteElo "2485"]
[BlackElo "2908"]
[Result "1-0"]
[Round "1"]
[TimeControl "180+1"]
[Date "2023.08.01"]
[WhiteClock "0:00:07"]
[BlackClock "0:00:06"]
[Board "29"]

1. e4 c6 2. Nc3 d5 3. Nf3 dxe4 4. Nxe4 Nf6 5. Qe2 Na6 6. Nxf6+ gxf6 7. g3 Bg4 8. Bg2 Nb4 9. Qc4 Qd5 10. Qxg4 Nxc2+ 11. Kd1 Nxa1 12. b3 Qa5 13. Qa4 Qb6 14. Rf1 O-O-O 15. Bb2 e5 16. Bxa1 Bb4 17. a3 Bc5 18. b4 Bxf2 19. Qb3 e4 20. Nh4 Be3 21. Bc3 Bxd2 22. Bxd2 e3 23. Nf3 exd2 24. Qxf7 Qe3 25. Bh3+ Kb8 26. Qe6 Qxa3 27. Nxd2 Qa1+ 28. Ke2 Rxd2+ 29. Kxd2 Rd8+ 30. Ke3 Qd4+ 31. Kf3 Qxb4 32. Qf5 Qc3+ 33. Kg2 Rd2+ 34. Rf2 a5 35. Qf4+ Rd6 36. Qxd6+ Ka7 37. Qxf6 Qc4 38. Qf4 Qd5+ 39. Qf3 Qc5 40. Re2 b5 41. Qe3 Qxe3 42. Rxe3 Kb6 43. Bd7 a4 44. Re6 Kc7 45. Bxc6 a3 46. Bxb5 a2 47. Re1 1-0


[Site "https://www.chess.com"]

[Event "Titled Tuesday Blitz August 1 Early 2023"]
[White "Yashmetov, Mikhail"]
[Black "Nguyen, Ngoc Truong Son"]
[WhiteFideId "24198900"]
[BlackFideId "12401110"]
[WhiteElo "2480"]
[BlackElo "2901"]
[Result "0-1"]
[Round "1"]
[TimeControl "180+1"]
[Date "2023.08.01"]
[WhiteClock "0:00:01"]
[BlackClock "0:00:12"]
[Board "31"]

1. d4 g6 2. c4 Bg7 3. Nf3 d6 4. g3 e5 5. Nc3 Nc6 6. dxe5 Nxe5 7. Bg2 Ne7 8. Nxe5 dxe5 9. Qxd8+ Kxd8 10. O-O c6 11. Rd1+ Kc7 12. Bg5 f6 13. Be3 Be6 14. b3 Rhd8 15. Bc5 Nf5 16. e3 b6 17. Ba3 Bf8 18. Bxf8 Rxf8 19. c5 b5 20. g4 Ne7 21. h3 Rad8 22. Kf1 f5 23. gxf5 gxf5 24. Rxd8 Rxd8 25. Rd1 Rxd1+ 26. Nxd1 a5 27. Ke2 b4 28. Kd2 Ng8 29. f4 Nf6 30. Nb2 e4 31. Bf1 Nd7 32. Na4 Bf7 33. Be2 Kd8 34. Bd1 Ke7 35. Ke1 Kd8 36. Be2 Kc7 37. Kf2 Nf6 38. Ke1 Bh5 39. Bxh5 Nxh5 40. Ke2 Nf6 41. Nb2 Nd7 42. Na4 Kb7 43. Kd2 Ka6 44. Nb2 Nxc5 45. Nc4 Nb7 46. Ne5 Kb5 47. Nf7 c5 48. Kc2 c4 49. h4 a4 50. h5 cxb3+ 51. axb3 axb3+ 52. Kxb3 Nc5+ 53. Kb2 Ka4 54. Ng5 Nd3+ 55. Kc2 b3+ 56. Kc3 b2 57. Kc2 Ka3 58. Kb1 Nb4 59. Ne6 Nd5 60. Kc2 Nxe3+ 61. Kd2 b1=Q 62. Kxe3 Qb3+ 63. Kd4 Qxe6 0-1


[Site "https://www.chess.com"]

[Event "Titled Tuesday Blitz August 1 Early 2023"]
[White "Galchenko, Matvey"]
[Black "NicolaiMaxime"]
[WhiteFideId "24175480"]
[WhiteElo "2900"]
[BlackElo "2480"]
[Result "1/2-1/2"]
[Round "1"]
[TimeControl "180+1"]
[Date "2023.08.01"]
[WhiteClock "0:00:04"]
[BlackClock "0:00:02"]
[Board "32"]

1. f4 d5 2. Nf3 Nh6 3. g3 g6 4. Bg2 Bg7 5. O-O O-O 6. d3 c5 7. e4 Nc6 8. Nc3 d4 9. Ne2 e5 10. h3 f6 11. g4 Nf7 12. f5 g5 13. h4 h6 14. Ng3 Qe7 15. a4 Bd7 16. Bd2 Rfc8 17. b3 b6 18. Kf2 Kf8 19. Nh5 Bh8 20. Rh1 Ke8 21. hxg5 hxg5 22. Ng3 Kd8 23. Rh7 Kc7 24. Qh1 Rg8 25. Qh5 Bg7 26. Rh1 Qf8 27. Ke2 a6 28. Qh2 Rh8 29. Rxh8 Qxh8 30. Nh5 b5 31. Ra1 Ra7 32. Qg1 Bf8 33. axb5 axb5 34. Rxa7+ Nxa7 35. Qa1 Kb7 36. Qa5 Be7 37. b4 Bd8 38. Qa2 Nh6 39. Bh3 Qg8 40. Qxg8 Nxg8 41. bxc5 Be7 42. c3 dxc3 43. Bxc3 Bxc5 44. d4 exd4 45. Nxd4 b4 46. Bb2 Be7 47. Bg2 Nc6 48. Nf3 Kb6 49. e5 fxe5 50. Nxe5 Nxe5 51. Bxe5 Nh6 52. Bf3 Kb5 53. Kd3 Ka4 54. Kc4 Bb5+ 55. Kd5 b3 56. Ke6 Bc5 57. f6 Bc4+ 58. Kd7 Nf7 59. Bc3 Bb4 60. Ba1 Ka3 61. Ng3 b2 62. Bxb2+ Kxb2 63. Ke8 Ne5 64. Bd1 Bb5+ 65. Kd8 Ba5+ 66. Kc8 Ba6+ 67. Kb8 Bc4 68. Be2 Bxe2 69. Nxe2 Nd7+ 70. Kc8 Nxf6 71. Nd4 Nxg4 72. Nf3 Bd2 73. Nxd2 Ne3 74. Ne4 g4 75. Kd7 Kc2 76. Ke6 Kd3 77. Ng3 Kd2 78. Ke5 Ke1 79. Kf4 Kf2 80. Nf5 Nxf5 81. Kxg4 1/2-1/2


[Site "https://www.chess.com"]

[Event "Titled Tuesday Blitz August 1 Early 2023"]
[White "Boraso, Alessio"]
[Black "Dau Khuong Duy"]
[WhiteFideId "848077"]
[BlackFideId "12424722"]
[WhiteElo "2474"]
[BlackElo "2891"]
[Result "0-1"]
[Round "1"]
[TimeControl "180+1"]
[Date "2023.08.01"]
[WhiteClock "0:00:02"]
[BlackClock "0:00:12"]
[Board "33"]

1. e4 c5 2. c3 Nf6 3. e5 Nd5 4. d4 cxd4 5. cxd4 d6 6. Nf3 Nc6 7. Bc4 Nb6 8. Bb5 Bd7 9. exd6 exd6 10. O-O Be7 11. Nc3 O-O 12. Re1 Re8 13. Bf4 a6 14. Bd3 d5 15. Ne5 g6 16. Bc2 Bf6 17. Bb3 Be6 18. Nxc6 bxc6 19. Rc1 Rc8 20. Na4 Nxa4 21. Bxa4 Qb6 22. Be5 Bxe5 23. Rxe5 Qxb2 24. Rxc6 Rxc6 25. Bxc6 Rc8 26. Re2 Qa3 27. Rc2 Bf5 28. Rc5 Rb8 29. Rc1 Qxa2 30. h4 h5 31. Qf3 Be6 32. Qf4 Rb1 33. Kh2 Rxc1 34. Qxc1 Qxf2 35. Qc5 Qxh4+ 36. Kg1 Qe1+ 37. Kh2 Qe4 38. Qe7 Qxd4 39. Be8 Qe5+ 40. Kh1 Qe1+ 41. Kh2 Qe5+ 42. Kh1 Qf4 43. Bc6 d4 44. Qd8+ Kg7 45. Bf3 Qe3 46. Qe7 d3 47. Qa3 Bg4 48. Qc3+ Kh7 49. Qf6 Qe6 50. Qd4 Bxf3 51. gxf3 Qe1+ 52. Kg2 d2 53. Qf6 Kg8 54. Qd8+ Kg7 55. Qd4+ Kh7 56. Qf6 Qe6 57. Qd4 Qe2+ 58. Kg3 d1=Q 59. Qf6 Qg1+ 60. Kf4 Qee3# 0-1


[Site "https://www.chess.com"]

[Event "Titled Tuesday Blitz August 1 Early 2023"]
[White "JeRoma71"]
[Black "Nareks, Matic"]
[BlackFideId "14629526"]
[WhiteElo "2887"]
[BlackElo "2472"]
[Result "1-0"]
[Round "1"]
[TimeControl "180+1"]
[Date "2023.08.01"]
[WhiteClock "0:01:29"]
[BlackClock "0:00:40"]
[Board "34"]

1. Nf3 f5 2. d4 Nf6 3. Bg5 e6 4. Nbd2 Be7 5. Bxf6 Bxf6 6. e4 fxe4 7. Nxe4 O-O 8. Bd3 Nc6 9. c3 d5 10. Nxf6+ Qxf6 11. Qe2 Re8 12. Bb5 Bd7 13. Bxc6 Bxc6 14. Ne5 a6 15. O-O-O Bb5 16. Qe3 Rf8 17. f3 b6 18. Rhe1 Rae8 19. g3 a5 20. h4 Re7 21. a3 Rc8 22. Qg5 c5 23. f4 h6 24. Qg6 Be8 25. Qg4 Ba4 26. Rd2 b5 27. dxc5 Rxc5 28. Rd4 Bb3 29. Kd2 Bc4 30. Qg6 Rcc7 31. h5 Rb7 32. Re3 b4 33. cxb4 axb4 34. a4 b3 35. Qxf6 gxf6 36. Nxc4 dxc4 37. Rxc4 Kf7 38. Rcc3 Ra7 39. Rxb3 Rxa4 40. Ra3 Rb4 41. Kc3 Rb5 42. b4 Rxh5 43. Ra5 Rh1 44. Kb2 Rb7 45. b5 Rh5 46. Rb3 Rc5 47. Ka3 Rc4 48. b6 Kg6 49. Ra7 Rb8 50. b7 Rc7 51. Ka4 Kf5 52. Ka5 Kg4 53. Ka6 Rc6+ 54. Rb6 Rc1 55. Rxe6 Ra1+ 56. Kb6 Rxa7 57. Kxa7 Rxb7+ 58. Kxb7 Kxg3 59. Rxf6 h5 60. f5 Kg4 61. Rh6 Kg5 62. Rh8 1-0


[Site "https://www.chess.com"]

[Event "Titled Tuesday Blitz August 1 Early 2023"]
[White "Yeritsyan, Hayk"]
[Black "Harshavardhan G B"]
[WhiteFideId "13307320"]
[BlackFideId "25059009"]
[WhiteElo "2471"]
[BlackElo "2886"]
[Result "0-1"]
[Round "1"]
[TimeControl "180+1"]
[Date "2023.08.01"]
[WhiteClock "0:00:30"]
[BlackClock "0:01:22"]
[Board "35"]

1. d4 Nf6 2. Nf3 g6 3. Bf4 Bg7 4. h3 d6 5. e3 O-O 6. c3 Nc6 7. Be2 Nd7 8. O-O e5 9. Bh2 Qe7 10. Na3 Rd8 11. Nc4 Nf8 12. Rc1 b6 13. a3 Bb7 14. b4 a5 15. Qb3 axb4 16. axb4 exd4 17. cxd4 Nxd4 18. Nxd4 Bxd4 19. exd4 Qxe2 20. Ne3 Rd7 21. Rc2 Qh5 22. Rfc1 Ne6 23. Qd3 Ng5 24. Rxc7 Rxc7 25. Rxc7 Bxg2 26. Nxg2 Ra1+ 27. Ne1 Nf3+ 28. Kg2 0-1


[Site "https://www.chess.com"]

[Event "Titled Tuesday Blitz August 1 Early 2023"]
[White "Harsh Suresh"]
[Black "MFatigue"]
[WhiteFideId "45018464"]
[WhiteElo "2885"]
[BlackElo "2470"]
[Result "1-0"]
[Round "1"]
[TimeControl "180+1"]
[Date "2023.08.01"]
[WhiteClock "0:00:07"]
[BlackClock "0:00:23"]
[Board "36"]

1. d4 d5 2. c4 c6 3. Nf3 Nf6 4. g3 dxc4 5. Bg2 b5 6. O-O Bb7 7. Qc2 e6 8. Rd1 Be7 9. Nbd2 Nbd7 10. b3 cxb3 11. Nxb3 O-O 12. Ne5 Qb6 13. Nxc6 Bxc6 14. Qxc6 Rac8 15. Qxb6 axb6 16. e4 Bb4 17. Be3 Bc3 18. Rac1 b4 19. d5 exd5 20. exd5 Nc5 21. d6 Rfd8 22. Bxc5 bxc5 23. Na5 Bd4 24. Nb7 Rb8 25. Nxd8 Rxd8 26. Rxd4 cxd4 27. Rc4 Kf8 28. Rxd4 Rb8 29. Bc6 Rd8 30. Kg2 Ne8 31. d7 Nf6 32. Rxb4 Nxd7 33. Rd4 Ke7 34. Rxd7+ Rxd7 35. Bxd7 Kxd7 36. Kf3 Kd6 37. Ke4 f6 38. Kf5 g6+ 39. Kxf6 1-0


[Site "https://www.chess.com"]

[Event "Titled Tuesday Blitz August 1 Early 2023"]
[White "Rama, Tejas"]
[Black "Zhigalko, Sergei"]
[WhiteFideId "30907381"]
[BlackFideId "13502956"]
[WhiteElo "2468"]
[BlackElo "2882"]
[Result "0-1"]
[Round "1"]
[TimeControl "180+1"]
[Date "2023.08.01"]
[WhiteClock "0:00:00"]
[BlackClock "0:01:20"]
[Board "37"]

1. d4 Nf6 2. c4 e6 3. Nf3 b6 4. g3 Ba6 5. b3 Bb4+ 6. Bd2 Be7 7. Nc3 O-O 8. e4 d5 9. cxd5 Bxf1 10. Kxf1 exd5 11. e5 Ne4 12. Kg2 Qd7 13. Re1 Nxc3 14. Bxc3 Nc6 15. Ng1 f5 16. exf6 Bxf6 17. Nf3 Rf7 18. Qd3 Raf8 19. b4 Bxd4 20. Bxd4 Rxf3 21. Qd2 Qf5 22. Re2 Rd3 0-1


[Site "https://www.chess.com"]

[Event "Titled Tuesday Blitz August 1 Early 2023"]
[White "Maksimovic, Bojan"]
[Black "Ronka, Erik"]
[WhiteFideId "14408120"]
[BlackFideId "505080"]
[WhiteElo "2879"]
[BlackElo "2467"]
[Result "1-0"]
[Round "1"]
[TimeControl "180+1"]
[Date "2023.08.01"]
[WhiteClock "0:01:31"]
[BlackClock "0:01:24"]
[Board "38"]

1. e4 c6 2. d4 d5 3. Nd2 dxe4 4. Nxe4 Bf5 5. Nc5 b6 6. Nb3 e6 7. Nf3 Bd6 8. g3 Ne7 9. Bg2 O-O 10. O-O Nd7 11. Qe2 h6 12. Rd1 Qc7 13. c4 Rad8 14. Be3 c5 15. dxc5 Nxc5 16. Nfd4 a6 17. Rac1 Bg6 18. Nxc5 Bxc5 19. Bf4 Bd6 20. Nxe6 fxe6 21. Qxe6+ Bf7 22. Bxd6 Bxe6 23. Bxc7 Rxd1+ 24. Rxd1 Bxc4 25. b3 Bf7 26. Bxb6 1-0


[Site "https://www.chess.com"]

[Event "Titled Tuesday Blitz August 1 Early 2023"]
[White "Kovalevsky, Stanislav"]
[Black "Molina, Roberto Junio Brito"]
[WhiteFideId "13508598"]
[BlackFideId "2109450"]
[WhiteElo "2467"]
[BlackElo "2870"]
[Result "1-0"]
[Round "1"]
[TimeControl "180+1"]
[Date "2023.08.01"]
[WhiteClock "0:00:25"]
[BlackClock "0:00:00"]
[Board "39"]

1. c4 c6 2. e4 d5 3. exd5 cxd5 4. cxd5 Nf6 5. Nc3 Nxd5 6. Bc4 e6 7. Nf3 Nc6 8. O-O Be7 9. d4 O-O 10. Re1 Nf6 11. d5 Na5 12. Bd3 exd5 13. Bg5 Be6 14. Nd4 Bd7 15. Rxe7 Qxe7 16. Nxd5 Nxd5 17. Bxe7 Nxe7 18. Qh5 f5 19. Re1 Nac6 20. g4 Nxd4 21. Rxe7 Bc6 22. gxf5 Rf6 23. Be4 Bxe4 24. Rxe4 Raf8 25. Rxd4 Rxf5 26. Qe2 1-0


[Site "https://www.chess.com"]

[Event "Titled Tuesday Blitz August 1 Early 2023"]
[White "Kravtsiv, Martyn"]
[Black "Garcia Almaguer, Juan Manuel"]
[WhiteFideId "14113147"]
[BlackFideId "5110491"]
[WhiteElo "2869"]
[BlackElo "2466"]
[Result "1-0"]
[Round "1"]
[TimeControl "180+1"]
[Date "2023.08.01"]
[WhiteClock "0:00:49"]
[BlackClock "0:00:23"]
[Board "40"]

1. e4 e5 2. Nf3 Nc6 3. Nc3 Nf6 4. a4 Bc5 5. Nxe5 Nxe5 6. d4 Bxd4 7. Qxd4 Nc6 8. Qd1 O-O 9. Bc4 d6 10. O-O Be6 11. Bd3 d5 12. Bg5 d4 13. Ne2 h6 14. Bh4 g5 15. Bg3 Re8 16. Qd2 Bg4 17. f3 Bh5 18. Kh1 Ne5 19. Bxe5 Rxe5 20. Ng3 Bg6 21. f4 gxf4 22. Qxf4 Nd7 23. Qxh6 Qg5 24. Qxg5 Rxg5 25. Nf5 c5 26. h4 Rh5 27. g4 Rh8 28. h5 Ne5 29. Be2 c4 30. Kg2 Bxf5 31. Rxf5 Re8 32. Rd1 d3 33. cxd3 cxd3 34. Bxd3 Nxd3 35. Rxd3 Rxe4 36. Kf3 Rxa4 37. Rd8+ Kg7 38. Rxh8 Kxh8 39. Rxf7 Rb4 40. g5 Rxb2 41. h6 Rb6 42. Kf4 a5 43. Kf5 a4 44. g6 Rb5+ 45. Ke4 Kg8 46. h7+ Kh8 47. Rf8+ 1-0


[Site "https://www.chess.com"]

[Event "Titled Tuesday Blitz August 1 Early 2023"]
[White "Carrasco Miranda, Andres"]
[Black "Timofeev, Artyom"]
[WhiteFideId "3405990"]
[BlackFideId "4140419"]
[WhiteElo "2462"]
[BlackElo "2866"]
[Result "0-1"]
[Round "1"]
[TimeControl "180+1"]
[Date "2023.08.01"]
[WhiteClock "0:00:02"]
[BlackClock "0:00:29"]
[Board "41"]

1. d4 d6 2. Nf3 Nf6 3. c4 Nbd7 4. Nc3 e5 5. e4 Be7 6. g3 O-O 7. Bg2 c6 8. O-O Re8 9. h3 Bf8 10. Be3 exd4 11. Nxd4 Nc5 12. Qc2 a5 13. Rad1 Qc7 14. b3 Bd7 15. Kh2 Rad8 16. Rfe1 Bc8 17. f4 h5 18. Bf2 g6 19. Rd2 Bg7 20. Rde2 h4 21. gxh4 Nh5 22. Qd2 Bh6 23. Be3 Qe7 24. f5 Bxe3 25. Qxe3 Qxh4 26. fxg6 fxg6 27. Qh6 Qf4+ 28. Qxf4 Nxf4 29. Re3 Re7 30. Bf1 Rde8 31. Nde2 Nh5 32. Ng3 Nf6 33. Bg2 Re5 34. Rf1 Kg7 35. Rf4 Ne6 36. Rh4 Nd4 37. Nce2 Nxe2 38. Rxe2 Be6 39. Rf4 Nd7 40. Bf3 Nc5 41. Rg2 Rh8 42. Nh5+ Rhxh5 43. Bxh5 Rxh5 44. Rg3 Re5 45. Re3 Bf5 46. Kg3 Nxe4+ 47. Kg2 d5 48. cxd5 cxd5 49. h4 b5 50. h5 gxh5 51. Kf3 b4 52. Ke2 Nc3+ 53. Kd2 Rxe3 54. Kxe3 Kg6 55. Rf1 h4 56. Rg1+ Kf6 57. Kf4 Ne2+ 0-1


[Site "https://www.chess.com"]

[Event "Titled Tuesday Blitz August 1 Early 2023"]
[White "Khubukshanov, Erdem"]
[Black "Romero Pallares, Daniel"]
[WhiteFideId "54114527"]
[BlackFideId "32025637"]
[WhiteElo "2860"]
[BlackElo "2461"]
[Result "1-0"]
[Round "1"]
[TimeControl "180+1"]
[Date "2023.08.01"]
[WhiteClock "0:02:00"]
[BlackClock "0:00:15"]
[Board "42"]

1. e4 g6 2. d4 Bg7 3. Nc3 d6 4. Be3 a6 5. a4 b6 6. Bd3 Nd7 7. Nf3 Bb7 8. O-O e6 9. Qd2 h6 10. Rfe1 Ne7 11. Rad1 g5 12. h3 Ng6 13. Ne2 O-O 14. Ng3 c5 15. c3 Bc6 16. b3 b5 17. d5 exd5 18. exd5 Bb7 19. axb5 axb5 20. Bxb5 Nde5 21. Nxe5 Bxe5 22. Nf5 Kh7 23. Bc6 Qc8 24. Bxb7 Qxb7 25. Bxg5 hxg5 26. Qxg5 Bg7 27. h4 Rg8 28. Qh5+ 1-0


[Site "https://www.chess.com"]

[Event "Titled Tuesday Blitz August 1 Early 2023"]
[White "D`Arruda, Ricardo D."]
[Black "Shtembuliak, Evgeny"]
[WhiteFideId "100692"]
[BlackFideId "14113325"]
[WhiteElo "2461"]
[BlackElo "2857"]
[Result "1-0"]
[Round "1"]
[TimeControl "180+1"]
[Date "2023.08.01"]
[WhiteClock "0:00:06"]
[BlackClock "0:00:00"]
[Board "43"]

1. Nf3 Nf6 2. d4 d6 3. Nc3 g6 4. e4 Bg7 5. Bg5 a6 6. Qd2 Nc6 7. O-O-O Bg4 8. d5 Bxf3 9. gxf3 Ne5 10. Be2 c6 11. f4 Ned7 12. f5 cxd5 13. exd5 Rc8 14. Bh6 Bxh6 15. Qxh6 Rg8 16. fxg6 Rxg6 17. Qe3 Qa5 18. Kb1 Rxc3 19. Qxc3 Qxc3 20. bxc3 Ne4 21. Rde1 Nxc3+ 22. Kb2 Na4+ 23. Ka3 Ndc5 24. Rhg1 Nc3 25. Rxg6 hxg6 26. Bf3 a5 27. Kb2 N3a4+ 28. Kc1 b5 29. a3 Nc3 30. h4 Kd8 31. Rh1 b4 32. axb4 Na2+ 33. Kb2 Nxb4 34. h5 gxh5 35. Rxh5 Na4+ 36. Kb3 Nc5+ 37. Kb2 a4 38. Rh7 f6 39. Rh8+ Kc7 40. Re8 Kd7 41. Ra8 f5 42. Ra7+ Kd8 43. Kc3 Nba6 44. Be2 Nc7 45. Bc4 Ne4+ 46. Kd4 Nxf2 47. Rxa4 Ng4 48. Ra1 Ne5 49. Rf1 Nxc4 50. Kxc4 e6 51. dxe6 Ke7 52. Rxf5 Kxe6 53. Rh5 Kd7 54. Kb4 Kc6 55. c4 Na6+ 56. Kc3 Nc5 57. Kd4 Nb3+ 58. Kc3 Nc5 59. Rh8 Ne4+ 60. Kd4 Nf6 61. Rc8+ Kd7 62. Ra8 Kc7 63. Ra7+ Kb6 64. Rf7 Ng4 65. Rf4 Ne5 66. Rf6 Kc7 67. Kd5 1-0


[Site "https://www.chess.com"]

[Event "Titled Tuesday Blitz August 1 Early 2023"]
[White "Moroni, Luca Jr"]
[Black "Perske, Thore"]
[WhiteFideId "865834"]
[BlackFideId "12902195"]
[WhiteElo "2855"]
[BlackElo "2460"]
[Result "1-0"]
[Round "1"]
[TimeControl "180+1"]
[Date "2023.08.01"]
[WhiteClock "0:00:03"]
[BlackClock "0:00:00"]
[Board "44"]

1. d4 Nf6 2. Nf3 g6 3. Nc3 d5 4. Bf4 Bg7 5. Nb5 Na6 6. e3 O-O 7. h3 c5 8. c3 Bd7 9. a4 c4 10. Ne5 Be8 11. b3 cxb3 12. Qxb3 Qa5 13. Bd3 Nd7 14. Nxd7 Bxd7 15. O-O Be6 16. Rfc1 Rfc8 17. Be2 Nb8 18. Bf3 Qd8 19. a5 Nc6 20. a6 b6 21. Qd1 Na5 22. e4 dxe4 23. Bxe4 Nb3 24. Bxa8 Rxa8 25. Nc7 Nxc1 26. Rxc1 Rc8 27. Nxe6 fxe6 28. Qe2 Qd5 29. c4 Qf5 30. Be3 Bf6 31. c5 bxc5 32. dxc5 Qd5 33. Rd1 Qc6 34. Qc4 Kf7 35. Rb1 Rc7 36. h4 h5 37. Rd1 Rc8 38. Re1 Qd5 39. Qf4 Rc6 40. Qa4 Qd7 41. Rd1 Qc8 42. Qb5 Qxa6 43. Qb1 Rc8 44. Qe4 Qc6 45. Qf4 a5 46. Rd2 a4 47. Ra2 Ra8 48. Qh6 Bg7 49. Qf4+ Bf6 50. Qc4 Qd5 51. Rxa4 Qxc4 52. Rxc4 Rc8 53. g3 e5 54. Kg2 Ke6 55. Kf3 Kd5 56. Rc1 e4+ 57. Ke2 e6 58. Rd1+ Kc4 59. Rd6 Re8 60. c6 Be5 61. Rd1 Kb5 62. Rc1 Rc8 63. Rc5+ 1-0


[Site "https://www.chess.com"]

[Event "Titled Tuesday Blitz August 1 Early 2023"]
[White "Ventura Bolet, Maxim"]
[Black "Rasulov, Vugar"]
[WhiteFideId "22238824"]
[BlackFideId "13402390"]
[WhiteElo "2459"]
[BlackElo "2855"]
[Result "0-1"]
[Round "1"]
[TimeControl "180+1"]
[Date "2023.08.01"]
[WhiteClock "0:00:00"]
[BlackClock "0:00:14"]
[Board "45"]

1. a3 g6 2. d4 Bg7 3. e4 d6 4. Nc3 Nf6 5. Bd3 O-O 6. Nge2 Nbd7 7. O-O e5 8. d5 Nc5 9. Ng3 h5 10. Bg5 Qe8 11. f3 Nh7 12. Be3 h4 13. Nh1 f5 14. Bxc5 dxc5 15. exf5 gxf5 16. Nf2 Qg6 17. Kh1 Nf6 18. Qd2 Nh5 19. Bc4 Kh7 20. d6 cxd6 21. Rad1 Rd8 22. Nb5 a6 23. Nc7 Rb8 24. Nh3 Bh6 25. Qd5 b5 26. Ba2 c4 27. Rfe1 Bb7 28. Qe6 Ng7 29. Qe7 Bc6 30. Nd5 Bxd5 31. Rxd5 Re8 32. Qxh4 f4 33. Red1 Nf5 34. Qf2 Ne3 35. Rxd6 Nxd1 36. Qa7+ Qg7 37. Rd7 Ne3 38. Rxg7+ Bxg7 39. Ng5+ Kg6 40. Ne4 Rbd8 41. Qxa6+ Kh7 42. h4 Kh8 43. Qxb5 Rd1+ 44. Kh2 Nf1+ 45. Kh3 Ne3 46. Kh2 Rg8 47. Nf2 Rd2 48. Ng4 Rxg2+ 0-1


[Site "https://www.chess.com"]